 Dungeon Crawl Stone Soup version 0.30-a0-6-g7c9e10e132 (webtiles) character file.

Game seed: 16354602414594534263

16 Spectrina the Magician (level 2, -1/22 HPs)
             Began as a Djinni Venom Mage on Aug 22, 2022.
             Slain by an adder (3 damage)
             ... on level 2 of the Dungeon.
             The game lasted 00:02:54 (296 turns).

Spectrina the Magician (Djinni Venom Mage)           Turns: 296, Time: 00:02:54

Health: -1/22      AC:  2    Str:  7    XL:     2   Next: 75%
Gold:   22         EV: 12    Int: 16    God:
                   SH:  0    Dex: 13

rFire   + + .      SeeInvis .    (no weapon)
rCold   x . .      Faith    .    (no shield)
rNeg    . . .      Spirit   .    a - +0 robe
rPois   ∞          Reflect  .    (no helmet)
rElec   .          Harm     .    (no cloak)
rCorr   .          Rampage  .    (no gloves)
Will    .....                    (boots unavailable)
Stlth   ++........               (no amulet)
HPRegen 0.07/turn                (no ring)
MPRegen 0.00/turn                (no ring)

@: flying, very slightly contaminated
A: sickness immunity, fire resistance 2, cold vulnerability 1, float, innate
caster, HP casting, extra vitality 1
a: no special abilities


You were on level 2 of the Dungeon.
You visited 1 branch of the dungeon, and saw 2 of its levels.

You collected 22 gold pieces.

Inventory:

Missiles
 b - a poisoned dart (quivered)
Armour
 a - a +0 robe (worn)
Scrolls
 c - a scroll of fog {unknown}
 d - 2 scrolls of identify {unknown}
Potions
 e - a potion of brilliance {unknown}


   Skills:
 + Level 0.6 Fighting
 + Level 2.3 Dodging
 + Level 1.8 Stealth
 * Level 2.6 Spellcasting
 + Level 0.5 Invocations


You couldn't memorise any spells.
You knew the following spells:

 Your Spells              Type           Power      Damage    Failure   Level
a - Sting                 Tmut/Pois      40%        1d5       7%          1
c - Mephitic Cloud        Conj/Pois/Air  10%        N/A       21%         3
d - Olgreb's Toxic Radia  Pois           10%        N/A       54%         4
q - Poisonous Vapours     Pois/Air       20%        N/A       10%         2
Your spell library was empty.

Dungeon Overview and Level Annotations

Branches:
Dungeon (2/15)

Altars:


Innate Abilities, Weirdness & Mutations

You are immune to sickness and miasma.
You are immune to poison.
Your flesh is very heat resistant. (rF++)
You are vulnerable to cold. (rC-)
You float through the air rather than walking.
You learn spells naturally, not from books.
Your magical power is your life essence.
You have superior vitality. (+4 MHP)


Message History

You miscast Sting.
You are very lightly contaminated with residual magic.
Nothing appears to happen.
The adder bites you but does no damage.
Unknown command.
Casting: Sting (safe; 7% risk of failure)
Confirm with . or Enter, or press ? or * to list all spells.
Aiming: Sting (safe; 7% risk of failure)
Press: ? - help, Shift-Dir - straight line, f/p - adder
Aim: an adder (53% to hit)
The sting misses the adder.
The adder bites you.
* * * LOW HITPOINT WARNING * * *
Unknown command.
Casting: Sting (safe; 7% risk of failure)
Confirm with . or Enter, or press ? or * to list all spells.
Aiming: Sting (safe; 7% risk of failure)
Press: ? - help, Shift-Dir - straight line, f/p - adder
Aim: an adder (53% to hit)
The sting hits the adder.
The adder is poisoned.
The adder is moderately wounded.
* * * LOW HITPOINT WARNING * * *
The adder bites you.
* * * LOW HITPOINT WARNING * * *
The adder closely misses you.
Casting: Sting (safe; 7% risk of failure)
Confirm with . or Enter, or press ? or * to list all spells.
Aiming: Sting (safe; 7% risk of failure)
Press: ? - help, Shift-Dir - straight line, f/p - adder
Aim: an adder (moderately wounded, poisoned, 53% to hit)
The sting hits the adder.
The adder looks even sicker.
The adder is severely wounded.
* * * LOW HITPOINT WARNING * * *
The adder bites you but does no damage.
Throw: 2 darts (poison)
Press: ? - help, Q - select action, (/) - cycle Shift-Dir - straight line, f/p - adder
Aim: an adder (severely wounded, very poisoned, 35% to hit)
You throw a poisoned dart.
The poisoned dart barely misses the adder.
The poisoned dart hits the dart slug.
The dart slug is poisoned.
The adder bites you.
You die...

#.# ##.# ...# ≈ .#.# ..
.#.# ... ...# §... ##.###
########## (..#
##>..####........##≈...#.
................@S§.w(8..
.............<...##§...#.
.................# ...#
..............#### §§..
.........>....# .
..............#
..............#
..............#
...............#


You could see an adder (very poisoned) and a dart slug (poisoned).

Vanquished Creatures
  A dart slug (D:1)
  2 ball pythons (D:2)
  2 endoplasms (D:2)
  A hobgoblin (D:2)
  A jackal (D:2)
  A bat (D:2)
  A frilled lizard (D:2)
  A goblin (D:2)
  3 kobolds (D:2)
  2 rats
15 creatures vanquished.

Notes
Turn   | Place    | Note
-------+----------+-------------------------------------------
     0 | D:1      | Spectrina the Djinni Venom Mage began the quest for the
                  | Orb.
     0 | D:1      | Spectrina set off with the following spells memorised:
                  | Sting, Poisonous Vapours, Mephitic Cloud, Olgreb's Toxic
                  | Radiance.
     0 | D:1      | Reached XP level 1. HP: 15/15 MP: 0/0
    54 | D:2      | Reached XP level 2. HP: 5/21 MP: 0/0
   296 | D:2      | Slain by an adder

Illustrated notes

Levels and vault maps discovered:
D:1:      reono_arrival_forest_river, layout_basic,
          ebering_ecumenical_altar_box, minmay_tetromino_o2
D:2:      layout_rooms, kennysheep_generic_room_2

Action                   || total
-------------------------++-------
Melee: Unarmed           ||     2
Throw: Dart              ||    21
 Cast: Sting             ||    22
Armor: Robe              ||     7
Dodge: Dodged            ||    12

Table legend: (Time is in decaauts)
 A = Elapsed time spent in this place.
 B = Non-inter-level travel time spent in this place.
 C = Inter-level travel time spent in this place.
 D = Time resting spent in this place.
 E = Time spent auto-exploring this place.
 F = Levels seen in this place.
 G = Mean time per level.
                   A        B        C        D        E       F      G
               +--------+--------+--------+--------+--------+-----+--------+
         Total |    296 |    296 |      0 |      0 |      0 |   2 |  148.0 |
       Dungeon |    296 |    296 |      0 |      0 |      0 |   2 |  148.0 |
               +--------+--------+--------+--------+--------+-----+--------+

Top non-repeatable levels by time:
     D:2: 261 daAuts
     D:1: 34 daAuts
